Workbook

Sheet September 2015
A1: Check Number | D1: Check Date | E1: Vendor Name | G1: Transaction Amount | V1: Description | W1: Account Name | X1: Department | Y1: Division | Z1: Object of Expenditure | AB1: Project Number
A2: 423984 | D2: 42255 | E2: BOB TOMES FORD | G2: 544.38 | V2: BLANKET PURCHASE ORDER | W2: AUTO MAINTENANCE | X2: EQUIPMENT SERVICES | Y2: EQUIP SERV-SHARED | Z2: BLANKET PURCHASE ORDER
A8: 424781 | D8: 42262 | G8: 68.07 | V8: AUTO/TRUCK MAINT. ITEMS | W8: PARTS | Z8: AUTO/TRUCK MAINT. ITEMS
G9: 1053.27 | V9: BLANKET PURCHASE ORDER | W9: AUTO MAINTENANCE | X9: EQUIPMENT SERVICES | Y9: EQUIP SERV-SHARED | Z9: BLANKET PURCHASE ORDER
A13: 425119 | D13: 42269 | G13: 2116.31 | V13: BLANKET PURCHASE ORDER | W13: AUTO MAINTENANCE | X13: EQUIPMENT SERVICES | Y13: EQUIP SERV-SHARED | Z13: BLANKET PURCHASE ORDER
G16: -30 | V16: inv# 5443755 | W16: AUTO MAINTENANCE | X16: EQUIPMENT SERVICES | Y16: EQUIP SERV-SHARED | Z16: inv# 5443755
A17: 425441 | D17: 42276 | G17: 1146.19 | V17: BLANKET PURCHASE ORDER | W17: AUTO MAINTENANCE | X17: EQUIPMENT SERVICES | Y17: EQUIP SERV-SHARED | Z17: BLANKET PURCHASE ORDER
G23: -75 | V23: INV# 5445423 | W23: AUTO MAINTENANCE | X23: EQUIPMENT SERVICES | Y23: EQUIP SERV-SHARED | Z23: INV# 5445423
M25: =SUM(hList_Frame_1!B1:B22) -> 4823.22
A27: 423985 | D27: 42255 | E27: BOB BARKER CO | G27: 510.24 | V27: CLOTHING AND APPAREL | W27: DETENTION SUPPLIES | X27: JUVENILE PROBATION | Y27: JUV DET -ADMIN | Z27: CLOTHING AND APPAREL
A28: 425120 | D28: 42269 | G28: 354.52 | V28: CUTLERY/DISHES/WARES/ETC. | W28: KITCHEN SUPPLIES | X28: SHERIFF'S OFFICE | Y28: JAIL CAFE-ADMIN | Z28: CUTLERY/DISHES/WARES/ETC.
A29: 425442 | D29: 42276 | G29: 5508 | V29: CLOTHING AND APPAREL | W29: DETENTION SUPPLIES | X29: SHERIFF'S OFFICE | Y29: JAIL OPS-ADMIN | Z29: CLOTHING AND APPAREL
M31: =SUM(hList_Frame_1!B23:B25) -> 6372.76
A33: 423986 | D33: 42255 | E33: ECOLAB INC | G33: 1299.75 | V33: BUTCHER/MEAT PROC. EQUIP. | W33: DETENTION SUPPLIES | X33: SHERIFF'S OFFICE | Y33: JAIL OPS-ADMIN | Z33: BUTCHER/MEAT PROC. EQUIP.
G34: 4421.15 | V34: JANITORIAL SUPPLIES-GEN. | W34: DETENTION SUPPLIES | X34: SHERIFF'S OFFICE | Y34: JAIL OPS-ADMIN | Z34: JANITORIAL SUPPLIES-GEN.
G38: 1485.6 | V38: LAUNDRY/DRY CLEAN SUPPLY | W38: ANIMAL CARE | X38: ANIMAL SHELTER | Y38: ANIMAL SHELTER-ADMIN | Z38: LAUNDRY/DRY CLEAN SUPPLY
A39: 425443 | D39: 42276 | G39: 1255 | V39: GERMICIDES-HOSP./SANITARY | W39: DETENTION SUPPLIES | X39: SHERIFF'S OFFICE | Y39: JAIL OPS-ADMIN | Z39: GERMICIDES-HOSP./SANITARY
G40: 2297.25 | V40: JANITORIAL SUPPLIES-GEN. | W40: DETENTION SUPPLIES | X40: SHERIFF'S OFFICE | Y40: JAIL OPS-ADMIN | Z40: JANITORIAL SUPPLIES-GEN.
W41: JANITORIAL SUPPLIES | X41: SHERIFF'S OFFICE | Y41: JAIL OPS-ADMIN
K43: =SUM(hList_Frame_1!B26:B33) -> 10758.75
A45: 423987 | D45: 42255 | E45: MCKINNEY TIRE & APPLIANCE | G45: 5272 | V45: APPLIANCES/EQUIP. & PARTS | W45: ONE-TIME BUDGET NON-CAP | X45: COUNTY COURTS | Y45: CCL7-ADMIN | Z45: APPLIANCES/EQUIP. & PARTS
X46: DISTRICT COURTS | Y46: 469TH DC-ADMIN
Y47: 470TH DC-ADMIN
X48: UNALLOCATED | Y48: CAPITAL REPLACEMENT
M50: =SUM(hList_Frame_1!B34:B37) -> 5272
A52: 425811 | D52: 42277 | E52: MCKINNEY OFFICE SUPPLY | G52: 500 | V52: OFFICE SUPPLIES (GENERAL) | W52: ELECTION SUPPLIES | X52: ELECTIONS | Y52: CONT ELECTIONS-CONTRACT | Z52: OFFICE SUPPLIES (GENERAL)
P54: =SUM(hList_Frame_1!B38:B38) -> 500
A56: 423988 | D56: 42255 | E56: GIBBS, GREGG M PC | G56: 1531.25 | V56: 417-30028-15 | W56: COURT APPOINTED ATTORNEY | X56: COURT APPT REPRESENTATION | Y56: COURT APPT REPRESENTATION | Z56: 417-30028-15 | AB56: ID417A
G57: 2593.75 | V57: 417-30082-14 | W57: COURT APPOINTED ATTORNEY | X57: COURT APPT REPRESENTATION | Y57: COURT APPT REPRESENTATION | Z57: 417-30082-14 | AB57: ID417A
W58: MEDIATOR COSTS | X58: DISTRICT COURTS | Y58: DIST CT-SHARED | AB58: 417MC
A59: 424782 | D59: 42262 | G59: 1325 | V59: 416-30011-15 | W59: COURT APPOINTED ATTORNEY | X59: COURT APPT REPRESENTATION | Y59: COURT APPT REPRESENTATION | Z59: 416-30011-15 | AB59: ID416A
M61: =SUM(hList_Frame_1!B39:B42) -> 5450
A63: 423988 | D63: 42255 | E63: XXXXXXX | G63: 8437.5 | V63: Details not available | W63: COURT APPOINTED ATTORNEY | X63: COURT APPT REPRESENTATION | Y63: COURT APPT REPRESENTATION | Z63: Details not available | AB63: MUR063
M65: =SUM(hList_Frame_1!B43:B43) -> 8437.5
A67: 424783 | D67: 42262 | E67: HEIDENHEIMER, MARK | G67: 450 | V67: 005-84124-15 | W67: COURT APPOINTED ATTORNEY | X67: COURT APPT REPRESENTATION | Y67: COURT APPT REPRESENTATION | Z67: 005-84124-15 | AB67: IDCL5M
G68: 100 | V68: 005-84125-15 | W68: COURT APPOINTED ATTORNEY | X68: COURT APPT REPRESENTATION | Y68: COURT APPT REPRESENTATION | Z68: 005-84125-15 | AB68: IDCL5M
G69: 100 | V69: 005-84126-15 | W69: COURT APPOINTED ATTORNEY | X69: COURT APPT REPRESENTATION | Y69: COURT APPT REPRESENTATION | Z69: 005-84126-15 | AB69: IDCL5M
G70: 450 | V70: 006-84758-15 | W70: COURT APPOINTED ATTORNEY | X70: COURT APPT REPRESENTATION | Y70: COURT APPT REPRESENTATION | Z70: 006-84758-15 | AB70: IDCL6M
A71: 425444 | D71: 42276 | G71: 450 | V71: 005-84524-15 | W71: COURT APPOINTED ATTORNEY | X71: COURT APPT REPRESENTATION | Y71: COURT APPT REPRESENTATION | Z71: 005-84524-15 | AB71: IDCL5M
M73: =SUM(hList_Frame_1!B44:B48) -> 1550
A75: 423989 | D75: 42255 | E75: POLLOCK PAPER DISTRIBUTORS | G75: 3198 | V75: PAPER/PLASTIC, DISPOSABLE | W75: JANITORIAL SUPPLIES | X75: SHERIFF'S OFFICE | Y75: JAIL OPS-ADMIN | Z75: PAPER/PLASTIC, DISPOSABLE
M77: =SUM(hList_Frame_1!B49:B49) -> 3198
A79: 423990 | D79: 42255 | E79: THOMASON TIRE INC | G79: 357.9 | V79: BLANKET PURCHASE ORDER | W79: HEAVY EQUIPMENT REPAIR | X79: EQUIPMENT SERVICES | Y79: EQUIP SERV-SHARED | Z79: BLANKET PURCHASE ORDER
G81: 1736.84 | V81: TIRES AND TUBES | W81: PARTS | Z81: TIRES AND TUBES
A82: 424784 | D82: 42262 | G82: 320 | V82: BLANKET PURCHASE ORDER | W82: HEAVY EQUIPMENT REPAIR | X82: EQUIPMENT SERVICES | Y82: EQUIP SERV-SHARED | Z82: BLANKET PURCHASE ORDER
M84: =SUM(hList_Frame_1!B50:B53) -> 2414.74
A86: 424785 | D86: 42262 | E86: TX TECH LAW REVIEW | G86: 35 | V86: MISC PROFESSIONAL SERVICE | W86: LIBRARY UPDATES | X86: BUDGET | Y86: LAW LIBRARY-ADMIN | Z86: MISC PROFESSIONAL SERVICE
S88: =SUM(hList_Frame_1!B54:B54) -> 35
A90: 423991 | D90: 42255 | E90: TEKNI KUT CORP | G90: 554 | V90: BUILDER'S SUPPLIES | W90: BUILDING SUPPLIES | X90: FACILITIES & PARKS | Y90: BUILD SUP-SHARED | Z90: BUILDER'S SUPPLIES | AB90: B03002
P92: =SUM(hList_Frame_1!B55:B55) -> 554
A94: 423992 | D94: 42255 | E94: WEST PUBLISHING CORPORATION | G94: 4045.01 | V94: MISC PROFESSIONAL SERVICE | W94: LIBRARY BOOKS | X94: COUNTY COURTS | Y94: CCL1-ADMIN | Z94: MISC PROFESSIONAL SERVICE
X95: DISTRICT ATTORNEY | Y95: DA-ADMIN
A97: 423993 | D97: 42255 | G97: 4221.25 | V97: MISC PROFESSIONAL SERVICE | W97: LIBRARY UPDATES | X97: BUDGET | Y97: LAW LIBRARY-ADMIN | Z97: MISC PROFESSIONAL SERVICE
A98: 423994 | D98: 42255 | G98: 120 | V98: MISC PROFESSIONAL SERVICE | W98: LIBRARY BOOKS | X98: DISTRICT COURTS | Y98: 296TH DC-ADMIN | Z98: MISC PROFESSIONAL SERVICE
A99: 423995 | D99: 42255 | G99: 4705.89 | V99: BLANKET PURCHASE ORDER | W99: COMMUNICATION LINE LEASE | X99: BUDGET | Y99: LAW LIBRARY-ADMIN | Z99: BLANKET PURCHASE ORDER
A100: 423996 | D100: 42255 | G100: 120 | V100: MISC PROFESSIONAL SERVICE | W100: LIBRARY BOOKS | X100: DISTRICT COURTS | Y100: 401ST DC-ADMIN | Z100: MISC PROFESSIONAL SERVICE
A101: 424758 | D101: 42262 | G101: 600 | W101: LEGAL EXPENSE | X101: INDIGENT CHILD SERVICES | Y101: CPS BOARD - ADMIN
A102: 424786 | D102: 42262 | G102: 82 | V102: PUBLICATIONS/AUDIOVISUALS | W102: DUES & SUBSCRIPTIONS | X102: UNALLOCATED | Y102: NON-DEPARTMENTAL | Z102: PUBLICATIONS/AUDIOVISUALS
A104: 425121 | D104: 42269 | G104: 4705.89 | V104: BLANKET PURCHASE ORDER | W104: COMMUNICATION LINE LEASE | X104: BUDGET | Y104: LAW LIBRARY-ADMIN | Z104: BLANKET PURCHASE ORDER
G105: 3001.01 | V105: MISC PROFESSIONAL SERVICE | W105: LIBRARY BOOKS | X105: DISTRICT ATTORNEY | Y105: DA-ADMIN | Z105: MISC PROFESSIONAL SERVICE
A106: 425122 | D106: 42269 | G106: 288 | V106: PUBLICATIONS/AUDIOVISUALS | W106: DUES & SUBSCRIPTIONS | X106: PURCHASING | Y106: PURCHASING - ADMIN | Z106: PUBLICATIONS/AUDIOVISUALS
A107: 425123 | D107: 42269 | G107: 105 | V107: PUBLICATIONS/AUDIOVISUALS | W107: DUES & SUBSCRIPTIONS | X107: UNALLOCATED | Y107: NON-DEPARTMENTAL | Z107: PUBLICATIONS/AUDIOVISUALS
A109: 425124 | D109: 42269 | G109: 7440.5 | V109: MISC PROFESSIONAL SERVICE | W109: LIBRARY UPDATES | X109: BUDGET | Y109: LAW LIBRARY-ADMIN | Z109: MISC PROFESSIONAL SERVICE
A110: 425445 | D110: 42276 | G110: 169.5 | V110: MISC PROFESSIONAL SERVICE | W110: DUES & SUBSCRIPTIONS | X110: CONSTABLES | Y110: C3-ADMIN | Z110: MISC PROFESSIONAL SERVICE
W111: LIBRARY BOOKS | X111: JUSTICES OF THE PEACE | Y111: JP4-ADMIN
K113: =SUM(hList_Frame_1!B56:B73) -> 29604.05
A115: 423997 | D115: 42255 | E115: PLANO POWER EQUIPMENT | G115: 58.06 | V115: AGRI. IMPLEMENTS & PARTS | W115: PARTS | Z115: AGRI. IMPLEMENTS & PARTS
G116: 23.1 | V116: AUTO/TRUCK MAINT. ITEMS | W116: PARTS | Z116: AUTO/TRUCK MAINT. ITEMS
G117: 537.79 | V117: BLANKET PURCHASE ORDER | W117: GROUNDS EQUIPMENT MAINT | X117: EQUIPMENT SERVICES | Y117: EQUIP SERV-SHARED | Z117: BLANKET PURCHASE ORDER
G120: 169.93 | V120: LAWN & GROUNDS EQUIPMENT | W120: PARTS | Z120: LAWN & GROUNDS EQUIPMENT
A121: 424787 | D121: 42262 | G121: 240.39 | V121: AGRI. IMPLEMENTS & PARTS | W121: PARTS | Z121: AGRI. IMPLEMENTS & PARTS
G122: 32.76 | V122: FUEL/OIL/GREASE/LUBRICANT | W122: PARTS | Z122: FUEL/OIL/GREASE/LUBRICANT
G123: 46.68 | V123: LAWN & GROUNDS EQUIPMENT | W123: PARTS | Z123: LAWN & GROUNDS EQUIPMENT
A124: 425125 | D124: 42269 | G124: 300.68 | V124: BLANKET PURCHASE ORDER | W124: GROUNDS EQUIPMENT MAINT | X124: EQUIPMENT SERVICES | Y124: EQUIP SERV-SHARED | Z124: BLANKET PURCHASE ORDER
G125: -24.52 | V125: INV# 1194728 | W125: GROUNDS EQUIPMENT MAINT | X125: EQUIPMENT SERVICES | Y125: EQUIP SERV-SHARED | Z125: INV# 1194728
A126: 425446 | D126: 42276 | G126: 27.03 | V126: BLANKET PURCHASE ORDER | W126: HEAVY EQUIPMENT REPAIR | X126: EQUIPMENT SERVICES | Y126: EQUIP SERV-SHARED | Z126: BLANKET PURCHASE ORDER
N129: =SUM(hList_Frame_1!B74:B86) -> 1411.9
A131: 423998 | D131: 42255 | E131: GEBO CREDIT CORPORATION | G131: 688.35 | V131: BLANKET PURCHASE ORDER | W131: ANIMAL CARE | X131: ANIMAL SHELTER | Y131: ANIMAL SHELTER-ADMIN | Z131: BLANKET PURCHASE ORDER
W133: AUTO MAINTENANCE | X133: EQUIPMENT SERVICES | Y133: EQUIP SERV-SHARED
W134: HEAVY EQUIPMENT REPAIR | X134: EQUIPMENT SERVICES | Y134: EQUIP SERV-SHARED
A136: 424788 | D136: 42262 | G136: 45.94 | V136: BLANKET PURCHASE ORDER | W136: AUTO MAINTENANCE | X136: EQUIPMENT SERVICES | Y136: EQUIP SERV-SHARED | Z136: BLANKET PURCHASE ORDER
G137: 539.94 | V137: ROADSIDE/GROUND/PARK SERV | W137: MAJOR ROAD CONSTRUCTION | X137: PUBLIC WORKS | Y137: R&B - ADMIN | Z137: ROADSIDE/GROUND/PARK SERV
A138: 425126 | D138: 42269 | G138: 15.97 | V138: BLANKET PURCHASE ORDER | W138: AUTO MAINTENANCE | X138: EQUIPMENT SERVICES | Y138: EQUIP SERV-SHARED | Z138: BLANKET PURCHASE ORDER
W139: HEAVY EQUIPMENT REPAIR | X139: EQUIPMENT SERVICES | Y139: EQUIP SERV-SHARED
A140: 425447 | D140: 42276 | G140: 1392.84 | V140: ANIMALS/BEES/POULTRY | W140: ANIMAL CARE | X140: ANIMAL SHELTER | Y140: ANIMAL SHELTER-ADMIN | Z140: ANIMALS/BEES/POULTRY
G141: 29.98 | V141: BLANKET PURCHASE ORDER | W141: SMALL TOOLS | X141: PUBLIC WORKS | Y141: R&B - ADMIN | Z141: BLANKET PURCHASE ORDER
M143: =SUM(hList_Frame_1!B87:B97) -> 2713.02
A145: 424000 | D145: 42255 | E145: BEN E KEITH CO | G145: 21312.61 | V145: EDIBLE FOODS, STAPLE | W145: FOOD SUPPLIES | X145: JUVENILE PROBATION | Y145: JUV DET -ADMIN | Z145: EDIBLE FOODS, STAPLE
W146: JAIL FOOD
W150: MINIMUM SECURITY FOOD
G153: 13113.61 | V153: FOODS, PERISHABLE | W153: JAIL FOOD | Z153: FOODS, PERISHABLE
W157: MINIMUM SECURITY FOOD
G160: 2203.07 | V160: FOODS, READY-TO-EAT | W160: JAIL FOOD | Z160: FOODS, READY-TO-EAT
W163: MINIMUM SECURITY FOOD
G166: 146.9 | V166: HARDWARE: SHELF & ALLIED | W166: JAIL FOOD | Z166: HARDWARE: SHELF & ALLIED
G167: 221.92 | V167: PAPER/PLASTIC, DISPOSABLE | W167: JAIL FOOD | Z167: PAPER/PLASTIC, DISPOSABLE
A168: 424789 | D168: 42262 | G168: 266.98 | V168: EDIBLE FOODS, STAPLE | W168: FOOD SUPPLIES | X168: SHERIFF'S OFFICE | Y168: MINIMUM SECURITY | Z168: EDIBLE FOODS, STAPLE
A170: 425128 | D170: 42269 | G170: 13056.65 | V170: EDIBLE FOODS, STAPLE | W170: FOOD SUPPLIES | X170: SHERIFF'S OFFICE | Y170: MINIMUM SECURITY | Z170: EDIBLE FOODS, STAPLE
W172: JAIL FOOD
W174: MINIMUM SECURITY FOOD
...

Sheet hList_Frame_1
A1: =IF(ISBLANK('September 2015'!A2),"",IF(ISTEXT('September 2015'!A2),0,'September 2015'!A2)) -> 423984 | B1: =IF(ISBLANK('September 2015'!G2),"",IF(ISTEXT('September 2015'!G2),0,'September 2015'!G2)) -> 544.38
A2: =IF(ISBLANK('September 2015'!A3),"",IF(ISTEXT('September 2015'!A3),0,'September 2015'!A3)) | B2: =IF(ISBLANK('September 2015'!G3),"",IF(ISTEXT('September 2015'!G3),0,'September 2015'!G3))
A3: =IF(ISBLANK('September 2015'!A4),"",IF(ISTEXT('September 2015'!A4),0,'September 2015'!A4)) | B3: =IF(ISBLANK('September 2015'!G4),"",IF(ISTEXT('September 2015'!G4),0,'September 2015'!G4))
A4: =IF(ISBLANK('September 2015'!A5),"",IF(ISTEXT('September 2015'!A5),0,'September 2015'!A5)) | B4: =IF(ISBLANK('September 2015'!G5),"",IF(ISTEXT('September 2015'!G5),0,'September 2015'!G5))
A5: =IF(ISBLANK('September 2015'!A6),"",IF(ISTEXT('September 2015'!A6),0,'September 2015'!A6)) | B5: =IF(ISBLANK('September 2015'!G6),"",IF(ISTEXT('September 2015'!G6),0,'September 2015'!G6))
A6: =IF(ISBLANK('September 2015'!A7),"",IF(ISTEXT('September 2015'!A7),0,'September 2015'!A7)) | B6: =IF(ISBLANK('September 2015'!G7),"",IF(ISTEXT('September 2015'!G7),0,'September 2015'!G7))
A7: =IF(ISBLANK('September 2015'!A8),"",IF(ISTEXT('September 2015'!A8),0,'September 2015'!A8)) -> 424781 | B7: =IF(ISBLANK('September 2015'!G8),"",IF(ISTEXT('September 2015'!G8),0,'September 2015'!G8)) -> 68.07
A8: =IF(ISBLANK('September 2015'!A9),"",IF(ISTEXT('September 2015'!A9),0,'September 2015'!A9)) | B8: =IF(ISBLANK('September 2015'!G9),"",IF(ISTEXT('September 2015'!G9),0,'September 2015'!G9)) -> 1053.27
A9: =IF(ISBLANK('September 2015'!A10),"",IF(ISTEXT('September 2015'!A10),0,'September 2015'!A10)) | B9: =IF(ISBLANK('September 2015'!G10),"",IF(ISTEXT('September 2015'!G10),0,'September 2015'!G10))
A10: =IF(ISBLANK('September 2015'!A11),"",IF(ISTEXT('September 2015'!A11),0,'September 2015'!A11)) | B10: =IF(ISBLANK('September 2015'!G11),"",IF(ISTEXT('September 2015'!G11),0,'September 2015'!G11))
A11: =IF(ISBLANK('September 2015'!A12),"",IF(ISTEXT('September 2015'!A12),0,'September 2015'!A12)) | B11: =IF(ISBLANK('September 2015'!G12),"",IF(ISTEXT('September 2015'!G12),0,'September 2015'!G12))
A12: =IF(ISBLANK('September 2015'!A13),"",IF(ISTEXT('September 2015'!A13),0,'September 2015'!A13)) -> 425119 | B12: =IF(ISBLANK('September 2015'!G13),"",IF(ISTEXT('September 2015'!G13),0,'September 2015'!G13)) -> 2116.31
... A22: =IF(ISBLANK('September 2015'!A23),"",IF(ISTEXT('September 2015'!A23),0,'September 2015'!A23)) | B22: =IF(ISBLANK('September 2015'!G23),"",IF(ISTEXT('September 2015'!G23),0,'September 2015'!G23)) -> -75
A23: =IF(ISBLANK('September 2015'!A27),"",IF(ISTEXT('September 2015'!A27),0,'September 2015'!A27)) -> 423985 | B23: =IF(ISBLANK('September 2015'!G27),"",IF(ISTEXT('September 2015'!G27),0,'September 2015'!G27)) -> 510.24
A24: =IF(ISBLANK('September 2015'!A28),"",IF(ISTEXT('September 2015'!A28),0,'September 2015'!A28)) -> 425120 | B24: =IF(ISBLANK('September 2015'!G28),"",IF(ISTEXT('September 2015'!G28),0,'September 2015'!G28)) -> 354.52
A25: =IF(ISBLANK('September 2015'!A29),"",IF(ISTEXT('September 2015'!A29),0,'September 2015'!A29)) -> 425442 | B25: =IF(ISBLANK('September 2015'!G29),"",IF(ISTEXT('September 2015'!G29),0,'September 2015'!G29)) -> 5508
A26: =IF(ISBLANK('September 2015'!A33),"",IF(ISTEXT('September 2015'!A33),0,'September 2015'!A33)) -> 423986 | B26: =IF(ISBLANK('September 2015'!G33),"",IF(ISTEXT('September 2015'!G33),0,'September 2015'!G33)) -> 1299.75
A27: =IF(ISBLANK('September 2015'!A34),"",IF(ISTEXT('September 2015'!A34),0,'September 2015'!A34)) | B27: =IF(ISBLANK('September 2015'!G34),"",IF(ISTEXT('September 2015'!G34),0,'September 2015'!G34)) -> 4421.15
A28: =IF(ISBLANK('September 2015'!A35),"",IF(ISTEXT('September 2015'!A35),0,'September 2015'!A35)) | B28: =IF(ISBLANK('September 2015'!G35),"",IF(ISTEXT('September 2015'!G35),0,'September 2015'!G35))
A29: =IF(ISBLANK('September 2015'!A36),"",IF(ISTEXT('September 2015'!A36),0,'September 2015'!A36)) | B29: =IF(ISBLANK('September 2015'!G36),"",IF(ISTEXT('September 2015'!G36),0,'September 2015'!G36))
A30: =IF(ISBLANK('September 2015'!A38),"",IF(ISTEXT('September 2015'!A38),0,'September 2015'!A38)) | B30: =IF(ISBLANK('September 2015'!G38),"",IF(ISTEXT('September 2015'!G38),0,'September 2015'!G38)) -> 1485.6
A31: =IF(ISBLANK('September 2015'!A39),"",IF(ISTEXT('September 2015'!A39),0,'September 2015'!A39)) -> 425443 | B31: =IF(ISBLANK('September 2015'!G39),"",IF(ISTEXT('September 2015'!G39),0,'September 2015'!G39)) -> 1255
A32: =IF(ISBLANK('September 2015'!A40),"",IF(ISTEXT('September 2015'!A40),0,'September 2015'!A40)) | B32: =IF(ISBLANK('September 2015'!G40),"",IF(ISTEXT('September 2015'!G40),0,'September 2015'!G40)) -> 2297.25
A33: =IF(ISBLANK('September 2015'!A41),"",IF(ISTEXT('September 2015'!A41),0,'September 2015'!A41)) | B33: =IF(ISBLANK('September 2015'!G41),"",IF(ISTEXT('September 2015'!G41),0,'September 2015'!G41))
A34: =IF(ISBLANK('September 2015'!A45),"",IF(ISTEXT('September 2015'!A45),0,'September 2015'!A45)) -> 423987 | B34: =IF(ISBLANK('September 2015'!G45),"",IF(ISTEXT('September 2015'!G45),0,'September 2015'!G45)) -> 5272
A35: =IF(ISBLANK('September 2015'!A46),"",IF(ISTEXT('September 2015'!A46),0,'September 2015'!A46)) | B35: =IF(ISBLANK('September 2015'!G46),"",IF(ISTEXT('September 2015'!G46),0,'September 2015'!G46))
A36: =IF(ISBLANK('September 2015'!A47),"",IF(ISTEXT('September 2015'!A47),0,'September 2015'!A47)) | B36: =IF(ISBLANK('September 2015'!G47),"",IF(ISTEXT('September 2015'!G47),0,'September 2015'!G47))
A37: =IF(ISBLANK('September 2015'!A48),"",IF(ISTEXT('September 2015'!A48),0,'September 2015'!A48)) | B37: =IF(ISBLANK('September 2015'!G48),"",IF(ISTEXT('September 2015'!G48),0,'September 2015'!G48))
A38: =IF(ISBLANK('September 2015'!A52),"",IF(ISTEXT('September 2015'!A52),0,'September 2015'!A52)) -> 425811 | B38: =IF(ISBLANK('September 2015'!G52),"",IF(ISTEXT('September 2015'!G52),0,'September 2015'!G52)) -> 500
A39: =IF(ISBLANK('September 2015'!A56),"",IF(ISTEXT('September 2015'!A56),0,'September 2015'!A56)) -> 423988 | B39: =IF(ISBLANK('September 2015'!G56),"",IF(ISTEXT('September 2015'!G56),0,'September 2015'!G56)) -> 1531.25
A40: =IF(ISBLANK('September 2015'!A57),"",IF(ISTEXT('September 2015'!A57),0,'September 2015'!A57)) | B40: =IF(ISBLANK('September 2015'!G57),"",IF(ISTEXT('September 2015'!G57),0,'September 2015'!G57)) -> 2593.75
A41: =IF(ISBLANK('September 2015'!A58),"",IF(ISTEXT('September 2015'!A58),0,'September 2015'!A58)) | B41: =IF(ISBLANK('September 2015'!G58),"",IF(ISTEXT('September 2015'!G58),0,'September 2015'!G58))
A42: =IF(ISBLANK('September 2015'!A59),"",IF(ISTEXT('September 2015'!A59),0,'September 2015'!A59)) -> 424782 | B42: =IF(ISBLANK('September 2015'!G59),"",IF(ISTEXT('September 2015'!G59),0,'September 2015'!G59)) -> 1325
A43: =IF(ISBLANK('September 2015'!A63),"",IF(ISTEXT('September 2015'!A63),0,'September 2015'!A63)) -> 423988 | B43: =IF(ISBLANK('September 2015'!G63),"",IF(ISTEXT('September 2015'!G63),0,'September 2015'!G63)) -> 8437.5
A44: =IF(ISBLANK('September 2015'!A67),"",IF(ISTEXT('September 2015'!A67),0,'September 2015'!A67)) -> 424783 | B44: =IF(ISBLANK('September 2015'!G67),"",IF(ISTEXT('September 2015'!G67),0,'September 2015'!G67)) -> 450
A45: =IF(ISBLANK('September 2015'!A68),"",IF(ISTEXT('September 2015'!A68),0,'September 2015'!A68)) | B45: =IF(ISBLANK('September 2015'!G68),"",IF(ISTEXT('September 2015'!G68),0,'September 2015'!G68)) -> 100
A46: =IF(ISBLANK('September 2015'!A69),"",IF(ISTEXT('September 2015'!A69),0,'September 2015'!A69)) | B46: =IF(ISBLANK('September 2015'!G69),"",IF(ISTEXT('September 2015'!G69),0,'September 2015'!G69)) -> 100
A47: =IF(ISBLANK('September 2015'!A70),"",IF(ISTEXT('September 2015'!A70),0,'September 2015'!A70)) | B47: =IF(ISBLANK('September 2015'!G70),"",IF(ISTEXT('September 2015'!G70),0,'September 2015'!G70)) -> 450
A48: =IF(ISBLANK('September 2015'!A71),"",IF(ISTEXT('September 2015'!A71),0,'September 2015'!A71)) -> 425444 | B48: =IF(ISBLANK('September 2015'!G71),"",IF(ISTEXT('September 2015'!G71),0,'September 2015'!G71)) -> 450
A49: =IF(ISBLANK('September 2015'!A75),"",IF(ISTEXT('September 2015'!A75),0,'September 2015'!A75)) -> 423989 | B49: =IF(ISBLANK('September 2015'!G75),"",IF(ISTEXT('September 2015'!G75),0,'September 2015'!G75)) -> 3198
A50: =IF(ISBLANK('September 2015'!A79),"",IF(ISTEXT('September 2015'!A79),0,'September 2015'!A79)) -> 423990 | B50: =IF(ISBLANK('September 2015'!G79),"",IF(ISTEXT('September 2015'!G79),0,'September 2015'!G79)) -> 357.9
A51: =IF(ISBLANK('September 2015'!A80),"",IF(ISTEXT('September 2015'!A80),0,'September 2015'!A80)) | B51: =IF(ISBLANK('September 2015'!G80),"",IF(ISTEXT('September 2015'!G80),0,'September 2015'!G80))
A52: =IF(ISBLANK('September 2015'!A81),"",IF(ISTEXT('September 2015'!A81),0,'September 2015'!A81)) | B52: =IF(ISBLANK('September 2015'!G81),"",IF(ISTEXT('September 2015'!G81),0,'September 2015'!G81)) -> 1736.84
A53: =IF(ISBLANK('September 2015'!A82),"",IF(ISTEXT('September 2015'!A82),0,'September 2015'!A82)) -> 424784 | B53: =IF(ISBLANK('September 2015'!G82),"",IF(ISTEXT('September 2015'!G82),0,'September 2015'!G82)) -> 320
A54: =IF(ISBLANK('September 2015'!A86),"",IF(ISTEXT('September 2015'!A86),0,'September 2015'!A86)) -> 424785 | B54: =IF(ISBLANK('September 2015'!G86),"",IF(ISTEXT('September 2015'!G86),0,'September 2015'!G86)) -> 35
A55: =IF(ISBLANK('September 2015'!A90),"",IF(ISTEXT('September 2015'!A90),0,'September 2015'!A90)) -> 423991 | B55: =IF(ISBLANK('September 2015'!G90),"",IF(ISTEXT('September 2015'!G90),0,'September 2015'!G90)) -> 554
A56: =IF(ISBLANK('September 2015'!A94),"",IF(ISTEXT('September 2015'!A94),0,'September 2015'!A94)) -> 423992 | B56: =IF(ISBLANK('September 2015'!G94),"",IF(ISTEXT('September 2015'!G94),0,'September 2015'!G94)) -> 4045.01
A57: =IF(ISBLANK('September 2015'!A95),"",IF(ISTEXT('September 2015'!A95),0,'September 2015'!A95)) | B57: =IF(ISBLANK('September 2015'!G95),"",IF(ISTEXT('September 2015'!G95),0,'September 2015'!G95))
A58: =IF(ISBLANK('September 2015'!A96),"",IF(ISTEXT('September 2015'!A96),0,'September 2015'!A96)) | B58: =IF(ISBLANK('September 2015'!G96),"",IF(ISTEXT('September 2015'!G96),0,'September 2015'!G96))
A59: =IF(ISBLANK('September 2015'!A97),"",IF(ISTEXT('September 2015'!A97),0,'September 2015'!A97)) -> 423993 | B59: =IF(ISBLANK('September 2015'!G97),"",IF(ISTEXT('September 2015'!G97),0,'September 2015'!G97)) -> 4221.25
A60: =IF(ISBLANK('September 2015'!A98),"",IF(ISTEXT('September 2015'!A98),0,'September 2015'!A98)) -> 423994 | B60: =IF(ISBLANK('September 2015'!G98),"",IF(ISTEXT('September 2015'!G98),0,'September 2015'!G98)) -> 120
A61: =IF(ISBLANK('September 2015'!A99),"",IF(ISTEXT('September 2015'!A99),0,'September 2015'!A99)) -> 423995 | B61: =IF(ISBLANK('September 2015'!G99),"",IF(ISTEXT('September 2015'!G99),0,'September 2015'!G99)) -> 4705.89
A62: =IF(ISBLANK('September 2015'!A100),"",IF(ISTEXT('September 2015'!A100),0,'September 2015'!A100)) -> 423996 | B62: =IF(ISBLANK('September 2015'!G100),"",IF(ISTEXT('September 2015'!G100),0,'September 2015'!G100)) -> 120
A63: =IF(ISBLANK('September 2015'!A101),"",IF(ISTEXT('September 2015'!A101),0,'September 2015'!A101)) -> 424758 | B63: =IF(ISBLANK('September 2015'!G101),"",IF(ISTEXT('September 2015'!G101),0,'September 2015'!G101)) -> 600
A64: =IF(ISBLANK('September 2015'!A102),"",IF(ISTEXT('September 2015'!A102),0,'September 2015'!A102)) -> 424786 | B64: =IF(ISBLANK('September 2015'!G102),"",IF(ISTEXT('September 2015'!G102),0,'September 2015'!G102)) -> 82
A65: =IF(ISBLANK('September 2015'!A103),"",IF(ISTEXT('September 2015'!A103),0,'September 2015'!A103)) | B65: =IF(ISBLANK('September 2015'!G103),"",IF(ISTEXT('September 2015'!G103),0,'September 2015'!G103))
A66: =IF(ISBLANK('September 2015'!A104),"",IF(ISTEXT('September 2015'!A104),0,'September 2015'!A104)) -> 425121 | B66: =IF(ISBLANK('September 2015'!G104),"",IF(ISTEXT('September 2015'!G104),0,'September 2015'!G104)) -> 4705.89
A67: =IF(ISBLANK('September 2015'!A105),"",IF(ISTEXT('September 2015'!A105),0,'September 2015'!A105)) | B67: =IF(ISBLANK('September 2015'!G105),"",IF(ISTEXT('September 2015'!G105),0,'September 2015'!G105)) -> 3001.01
... A73: =IF(ISBLANK('September 2015'!A111),"",IF(ISTEXT('September 2015'!A111),0,'September 2015'!A111)) | B73: =IF(ISBLANK('September 2015'!G111),"",IF(ISTEXT('September 2015'!G111),0,'September 2015'!G111))
A74: =IF(ISBLANK('September 2015'!A115),"",IF(ISTEXT('September 2015'!A115),0,'September 2015'!A115)) -> 423997 | B74: =IF(ISBLANK('September 2015'!G115),"",IF(ISTEXT('September 2015'!G115),0,'September 2015'!G115)) -> 58.06
A75: =IF(ISBLANK('September 2015'!A116),"",IF(ISTEXT('September 2015'!A116),0,'September 2015'!A116)) | B75: =IF(ISBLANK('September 2015'!G116),"",IF(ISTEXT('September 2015'!G116),0,'September 2015'!G116)) -> 23.1
A76: =IF(ISBLANK('September 2015'!A117),"",IF(ISTEXT('September 2015'!A117),0,'September 2015'!A117)) | B76: =IF(ISBLANK('September 2015'!G117),"",IF(ISTEXT('September 2015'!G117),0,'September 2015'!G117)) -> 537.79
A77: =IF(ISBLANK('September 2015'!A118),"",IF(ISTEXT('September 2015'!A118),0,'September 2015'!A118)) | B77: =IF(ISBLANK('September 2015'!G118),"",IF(ISTEXT('September 2015'!G118),0,'September 2015'!G118))
A78: =IF(ISBLANK('September 2015'!A119),"",IF(ISTEXT('September 2015'!A119),0,'September 2015'!A119)) | B78: =IF(ISBLANK('September 2015'!G119),"",IF(ISTEXT('September 2015'!G119),0,'September 2015'!G119))
A79: =IF(ISBLANK('September 2015'!A120),"",IF(ISTEXT('September 2015'!A120),0,'September 2015'!A120)) | B79: =IF(ISBLANK('September 2015'!G120),"",IF(ISTEXT('September 2015'!G120),0,'September 2015'!G120)) -> 169.93
A80: =IF(ISBLANK('September 2015'!A121),"",IF(ISTEXT('September 2015'!A121),0,'September 2015'!A121)) -> 424787 | B80: =IF(ISBLANK('September 2015'!G121),"",IF(ISTEXT('September 2015'!G121),0,'September 2015'!G121)) -> 240.39
A81: =IF(ISBLANK('September 2015'!A122),"",IF(ISTEXT('September 2015'!A122),0,'September 2015'!A122)) | B81: =IF(ISBLANK('September 2015'!G122),"",IF(ISTEXT('September 2015'!G122),0,'September 2015'!G122)) -> 32.76
A82: =IF(ISBLANK('September 2015'!A123),"",IF(ISTEXT('September 2015'!A123),0,'September 2015'!A123)) | B82: =IF(ISBLANK('September 2015'!G123),"",IF(ISTEXT('September 2015'!G123),0,'September 2015'!G123)) -> 46.68
A83: =IF(ISBLANK('September 2015'!A124),"",IF(ISTEXT('September 2015'!A124),0,'September 2015'!A124)) -> 425125 | B83: =IF(ISBLANK('September 2015'!G124),"",IF(ISTEXT('September 2015'!G124),0,'September 2015'!G124)) -> 300.68
A84: =IF(ISBLANK('September 2015'!A125),"",IF(ISTEXT('September 2015'!A125),0,'September 2015'!A125)) | B84: =IF(ISBLANK('September 2015'!G125),"",IF(ISTEXT('September 2015'!G125),0,'September 2015'!G125)) -> -24.52
A85: =IF(ISBLANK('September 2015'!A126),"",IF(ISTEXT('September 2015'!A126),0,'September 2015'!A126)) -> 425446 | B85: =IF(ISBLANK('September 2015'!G126),"",IF(ISTEXT('September 2015'!G126),0,'September 2015'!G126)) -> 27.03
A86: =IF(ISBLANK('September 2015'!A127),"",IF(ISTEXT('September 2015'!A127),0,'September 2015'!A127)) | B86: =IF(ISBLANK('September 2015'!G127),"",IF(ISTEXT('September 2015'!G127),0,'September 2015'!G127))
A87: =IF(ISBLANK('September 2015'!A131),"",IF(ISTEXT('September 2015'!A131),0,'September 2015'!A131)) -> 423998 | B87: =IF(ISBLANK('September 2015'!G131),"",IF(ISTEXT('September 2015'!G131),0,'September 2015'!G131)) -> 688.35
A88: =IF(ISBLANK('September 2015'!A132),"",IF(ISTEXT('September 2015'!A132),0,'September 2015'!A132)) | B88: =IF(ISBLANK('September 2015'!G132),"",IF(ISTEXT('September 2015'!G132),0,'September 2015'!G132))
A89: =IF(ISBLANK('September 2015'!A133),"",IF(ISTEXT('September 2015'!A133),0,'September 2015'!A133)) | B89: =IF(ISBLANK('September 2015'!G133),"",IF(ISTEXT('September 2015'!G133),0,'September 2015'!G133))
A90: =IF(ISBLANK('September 2015'!A134),"",IF(ISTEXT('September 2015'!A134),0,'September 2015'!A134)) | B90: =IF(ISBLANK('September 2015'!G134),"",IF(ISTEXT('September 2015'!G134),0,'September 2015'!G134))
A91: =IF(ISBLANK('September 2015'!A135),"",IF(ISTEXT('September 2015'!A135),0,'September 2015'!A135)) | B91: =IF(ISBLANK('September 2015'!G135),"",IF(ISTEXT('September 2015'!G135),0,'September 2015'!G135))
A92: =IF(ISBLANK('September 2015'!A136),"",IF(ISTEXT('September 2015'!A136),0,'September 2015'!A136)) -> 424788 | B92: =IF(ISBLANK('September 2015'!G136),"",IF(ISTEXT('September 2015'!G136),0,'September 2015'!G136)) -> 45.94
A93: =IF(ISBLANK('September 2015'!A137),"",IF(ISTEXT('September 2015'!A137),0,'September 2015'!A137)) | B93: =IF(ISBLANK('September 2015'!G137),"",IF(ISTEXT('September 2015'!G137),0,'September 2015'!G137)) -> 539.94
A94: =IF(ISBLANK('September 2015'!A138),"",IF(ISTEXT('September 2015'!A138),0,'September 2015'!A138)) -> 425126 | B94: =IF(ISBLANK('September 2015'!G138),"",IF(ISTEXT('September 2015'!G138),0,'September 2015'!G138)) -> 15.97
A95: =IF(ISBLANK('September 2015'!A139),"",IF(ISTEXT('September 2015'!A139),0,'September 2015'!A139)) | B95: =IF(ISBLANK('September 2015'!G139),"",IF(ISTEXT('September 2015'!G139),0,'September 2015'!G139))
A96: =IF(ISBLANK('September 2015'!A140),"",IF(ISTEXT('September 2015'!A140),0,'September 2015'!A140)) -> 425447 | B96: =IF(ISBLANK('September 2015'!G140),"",IF(ISTEXT('September 2015'!G140),0,'September 2015'!G140)) -> 1392.84
A97: =IF(ISBLANK('September 2015'!A141),"",IF(ISTEXT('September 2015'!A141),0,'September 2015'!A141)) | B97: =IF(ISBLANK('September 2015'!G141),"",IF(ISTEXT('September 2015'!G141),0,'September 2015'!G141)) -> 29.98
A98: =IF(ISBLANK('September 2015'!A145),"",IF(ISTEXT('September 2015'!A145),0,'September 2015'!A145)) -> 424000 | B98: =IF(ISBLANK('September 2015'!G145),"",IF(ISTEXT('September 2015'!G145),0,'September 2015'!G145)) -> 21312.61
A99: =IF(ISBLANK('September 2015'!A146),"",IF(ISTEXT('September 2015'!A146),0,'September 2015'!A146)) | B99: =IF(ISBLANK('September 2015'!G146),"",IF(ISTEXT('September 2015'!G146),0,'September 2015'!G146))
A100: =IF(ISBLANK('September 2015'!A147),"",IF(ISTEXT('September 2015'!A147),0,'September 2015'!A147)) | B100: =IF(ISBLANK('September 2015'!G147),"",IF(ISTEXT('September 2015'!G147),0,'September 2015'!G147))
A101: =IF(ISBLANK('September 2015'!A148),"",IF(ISTEXT('September 2015'!A148),0,'September 2015'!A148)) | B101: =IF(ISBLANK('September 2015'!G148),"",IF(ISTEXT('September 2015'!G148),0,'September 2015'!G148))
A102: =IF(ISBLANK('September 2015'!A149),"",IF(ISTEXT('September 2015'!A149),0,'September 2015'!A149)) | B102: =IF(ISBLANK('September 2015'!G149),"",IF(ISTEXT('September 2015'!G149),0,'September 2015'!G149))
A103: =IF(ISBLANK('September 2015'!A150),"",IF(ISTEXT('September 2015'!A150),0,'September 2015'!A150)) | B103: =IF(ISBLANK('September 2015'!G150),"",IF(ISTEXT('September 2015'!G150),0,'September 2015'!G150))
A104: =IF(ISBLANK('September 2015'!A151),"",IF(ISTEXT('September 2015'!A151),0,'September 2015'!A151)) | B104: =IF(ISBLANK('September 2015'!G151),"",IF(ISTEXT('September 2015'!G151),0,'September 2015'!G151))
A105: =IF(ISBLANK('September 2015'!A152),"",IF(ISTEXT('September 2015'!A152),0,'September 2015'!A152)) | B105: =IF(ISBLANK('September 2015'!G152),"",IF(ISTEXT('September 2015'!G152),0,'September 2015'!G152))
A106: =IF(ISBLANK('September 2015'!A153),"",IF(ISTEXT('September 2015'!A153),0,'September 2015'!A153)) | B106: =IF(ISBLANK('September 2015'!G153),"",IF(ISTEXT('September 2015'!G153),0,'September 2015'!G153)) -> 13113.61
A107: =IF(ISBLANK('September 2015'!A154),"",IF(ISTEXT('September 2015'!A154),0,'September 2015'!A154)) | B107: =IF(ISBLANK('September 2015'!G154),"",IF(ISTEXT('September 2015'!G154),0,'September 2015'!G154))
A108: =IF(ISBLANK('September 2015'!A155),"",IF(ISTEXT('September 2015'!A155),0,'September 2015'!A155)) | B108: =IF(ISBLANK('September 2015'!G155),"",IF(ISTEXT('September 2015'!G155),0,'September 2015'!G155))
A109: =IF(ISBLANK('September 2015'!A156),"",IF(ISTEXT('September 2015'!A156),0,'September 2015'!A156)) | B109: =IF(ISBLANK('September 2015'!G156),"",IF(ISTEXT('September 2015'!G156),0,'September 2015'!G156))
... A151: =IF(ISBLANK('September 2015'!A198),"",IF(ISTEXT('September 2015'!A198),0,'September 2015'!A198)) | B151: =IF(ISBLANK('September 2015'!G198),"",IF(ISTEXT('September 2015'!G198),0,'September 2015'!G198))
A152: =IF(ISBLANK('September 2015'!A202),"",IF(ISTEXT('September 2015'!A202),0,'September 2015'!A202)) -> 424001 | B152: =IF(ISBLANK('September 2015'!G202),"",IF(ISTEXT('September 2015'!G202),0,'September 2015'!G202)) -> 3
A153: =IF(ISBLANK('September 2015'!A203),"",IF(ISTEXT('September 2015'!A203),0,'September 2015'!A203)) -> 425129 | B153: =IF(ISBLANK('September 2015'!G203),"",IF(ISTEXT('September 2015'!G203),0,'September 2015'!G203)) -> 3
A154: =IF(ISBLANK('September 2015'!A207),"",IF(ISTEXT('September 2015'!A207),0,'September 2015'!A207)) -> 424002 | B154: =IF(ISBLANK('September 2015'!G207),"",IF(ISTEXT('September 2015'!G207),0,'September 2015'!G207)) -> 1193.73
A155: =IF(ISBLANK('September 2015'!A211),"",IF(ISTEXT('September 2015'!A211),0,'September 2015'!A211)) -> 424003 | B155: =IF(ISBLANK('September 2015'!G211),"",IF(ISTEXT('September 2015'!G211),0,'September 2015'!G211)) -> 1080.13
...
